 Dungeon Crawl Stone Soup version 0.30.1 (webtiles) character file.

Game seed: 14495693862752824370

27603 Cheops the Bludgeoner (level 13, -14/118 HPs)
             Began as a Minotaur Fighter on July 10, 2023.
             Was a Priest of Qazlal.
             Demolished by a cyan ugly thing (16 damage)
             ... on level 14 of the Dungeon.
             The game lasted 00:31:23 (13097 turns).

Cheops the Bludgeoner (Minotaur Fighter)           Turns: 13097, Time: 00:31:24

Health: -14/118    AC: 18    Str: 30    XL:     13   Next: 5%
Magic:  20/23      EV:  8    Int:  5    God:    Qazlal [***...]
Gold:   679        SH:  9    Dex: 14    Spells: 12/12 levels left

rFire   . . .        a - +5 morningstar (venom)
rCold   . . .        t - +1 buckler
rNeg    . . .        u - +2 chain mail of Seonip {Fly Str+5 Dex+3 Stlth-}
rPois   .            (helmet restricted)
rElec   .            X - +0 cloak {Stlth+}
rCorr   .            p - +1 pair of gloves
SInv    +            (no boots)
Will    .....        C - amulet of regeneration Stlth
                     k - +4 ring of protection
HPRegen 1.19/turn    U - ring of see invisible
MPRegen 0.18/turn

%: no passive effects
@: flying
A: horns 2, retaliatory headbutt
a: Renounce Religion, Upheaval, Elemental Force


You were on level 14 of the Dungeon.
You worshipped Qazlal.
Qazlal was most pleased with you.
You visited 2 branches of the dungeon, and saw 15 of its levels.

You collected 854 gold pieces.
You spent 175 gold pieces at shops.

Inventory:

Hand Weapons
 a - a +5 morningstar of venom (weapon)
 b - a +1 morningstar of freezing
 c - a +0 morningstar of holy wrath
Missiles
 e - 33 poisoned darts
 l - 131 stones (quivered)
 m - 11 boomerangs
 o - 5 javelins
Armour
 p - a +1 pair of gloves (worn)
 t - a +1 buckler (worn)
 u - the +2 chain mail of Seonip (worn) {Fly Str+5 Dex+3 Stlth-}
   (You found it on level 2 of the Dungeon)

   Str:       It affects your strength (+5).
   Dex:       It affects your dexterity (+3).
   Fly:       It grants you flight.
   Stlth:     It makes you less stealthy.
 B - a +0 scale mail of cold resistance
 E - a +2 chain mail of fire resistance
 J - the +1 ring mail of the Moon {+Blink rN+}
   (You found it on level 5 of the Dungeon)

   rN:        It protects you from negative energy.
   +Blink:    It lets you blink.
 X - a +0 cloak of stealth (worn)
Jewellery
 h - an amulet of guardian spirit
 k - a +4 ring of protection (left hand)
 A - the amulet "Kubbuc" {RegenMP rElec}
   (You took it off an orc on level 3 of the Dungeon)

   [amulet of magic regeneration]

   It increases your rate of magic regeneration.
   rElec:     It insulates you from electricity.
 C - an amulet of regeneration (around neck)
 Q - a ring of poison resistance
 U - a ring of see invisible (right hand)
Wands
 r - a wand of digging (3)
 v - a wand of polymorph (5)
 x - a wand of mindburst (34)
 y - a wand of light (7)
 G - a wand of charming (24)
 S - a wand of iceblast (17)
 Y - a wand of flame (7)
Scrolls
 f - a scroll of brand weapon
 g - a scroll of fog
 i - 2 scrolls of fear
 q - 2 scrolls of blinking
 D - a scroll of summoning
 H - 4 scrolls of teleportation
 I - 4 scrolls of poison
 M - 3 scrolls of magic mapping
Potions
 d - 3 potions of might
 s - 2 potions of flight {unknown}
 w - 2 potions of invisibility
 z - 4 potions of haste
 F - 4 potions of curing
 L - a potion of ambrosia {unknown}
 O - 2 potions of heal wounds {unknown}
 R - a potion of berserk rage
 T - a potion of attraction
 V - 2 potions of mutation {unknown}
Miscellaneous
 j - a phantom mirror
 K - a lightning rod (4/4)
 W - a piece from Xom's chessboard (15/15)
 Z - a condenser vane


   Skills:
 - Level 12.0 Fighting
 - Level 16.0 Maces & Flails
 - Level 3.6 Armour
 - Level 3.6 Shields
 * Level 15.0 Invocations


You had 12 spell levels left.
You didn't know any spells.
Your spell library contained the following spells:

 Spells                   Type           Power      Damage    Failure   Level
 Freeze                   Ice            0%         1d3       94%         1
 Summon Small Mammal      Summ           0%         N/A       94%         1
 Sublimation of Blood     Necr           0%         N/A       98%         2
 Wereblood                Tmut           0%         N/A       98%         2
 Call Canine Familiar     Summ           0%         N/A       100%        3
 Frozen Ramparts          Ice            0%         1d1       100%        3
 Hailstorm                Conj/Ice       0%         3d3       100%        3
 Summon Guardian Golem    Hex/Summ       0%         N/A       100%        3
 Passage of Golubria      Tloc           0%         N/A       100%        4
 Silence                  Hex/Air        0%         N/A       100%        5
 Summon Forest            Summ/Tloc      0%         N/A       100%        5
 Summon Mana Viper        Hex/Summ       0%         N/A       100%        5
 Summon Cactus Giant      Summ           0%         N/A       100%        6
 Summon Hydra             Summ           0%         N/A       100%        7
 Lehudib's Crystal Spear  Conj/Erth      0%         10d2      100%        8


Dungeon Overview and Level Annotations

Branches:
Dungeon (14/15)            Temple (1/1) D:6            Lair (0/5) D:10
    Orc (0/2) D:10
 Vaults: D:13-14

Altars:
Ashenzari
Cheibriados
Dithmenos
Elyvilon
Fedhas
Gozag
Hepliaklqana
Kikubaaqudgha
Makhleb
Nemelex Xobeh
Okawaru
Qazlal
Ru
Sif Muna
Trog
Uskayaw
Vehumet
Wu Jian
Xom
Yredelemnul
Zin
The Shining One

Shops:
D:2 =   D:4 [?((?


Innate Abilities, Weirdness & Mutations

You have a pair of horns on your head.
You reflexively headbutt those who attack you in melee.


Message History

You closely miss the red ugly thing. You headbutt the red ugly thing!
The red ugly thing is almost dead.
The cyan ugly thing is engulfed in a thunderstorm.
The cyan ugly thing closely misses you. The red ugly thing engulfs you.
* * * LOW HITPOINT WARNING * * *
You are engulfed in flames!
* * * LOW HITPOINT WARNING * * *
The red ugly thing attacks as you move away!
The red ugly thing engulfs you but does no damage.
You kill the red ugly thing!
Qazlal accepts your kill. The cyan ugly thing tentacle-slaps you.
* * * LOW HITPOINT WARNING * * *
The cyan ugly thing shocks you!
* * * LOW HITPOINT WARNING * * *
Your Invocations skill increases to level 15!
You feel better. The cyan ugly thing barely misses you.
Okay, then.
Aiming: Upheaval
Press: ? - help, Dir - move target, f - manticore
Aim: a manticore The ground shakes violently, spewing rubble!
The blast of rubble hits the cyan ugly thing!!
The cyan ugly thing is heavily wounded.
The blast of rubble hits the manticore!
The manticore is moderately wounded.
The blast of rubble hits the cyan ugly thing!!
The cyan ugly thing is moderately wounded.
The cyan ugly thing bites you.
* * * LOW HITPOINT WARNING * * *
The cyan ugly thing shocks you!
* * * LOW HITPOINT WARNING * * *
The cyan ugly thing is engulfed in blazing flames.
You block the cyan ugly thing's attack.
You hit the cyan ugly thing.
The cyan ugly thing is poisoned.
The cyan ugly thing is heavily wounded.
The cyan ugly thing bites you.
* * * LOW HITPOINT WARNING * * *
The cyan ugly thing shocks you!
You die...

...........###........##....
.##.......u.................
............#...............
>...........##..............
....................#......#
....................#.......
.........H##........#.....##
.......###uu........##....#
.>..... ##.@.....#..###.###
#...... #..ยง....##.## ###
.##.... ###......### .....#
#.....## .... #......#
####....# ...## #.## ##


You could see 2 ugly things and a manticore.

Vanquished Creatures
  Josephine (D:11)
  Erolcha (D:11)
  2 hydras
  3 boulder beetles
  Erica (D:8)
  A centaur warrior (D:12)
  5 two-headed ogres
  5 ugly things
  2 manticores (D:12)
  Maurice (D:11)
  2 cyclopes
  3 gargoyles
  Psyche (D:8)
  3 unseen horrors (D:12)
  2 efreet
  3 trolls
  A hornet (D:7)
  Grinder (D:4)
  2 shadows
  Sigmund (D:3)
  5 slime creatures (D:12)
  5 wraiths
  10 yaks
  2 wyverns
  17 vampire mosquitoes
  4 steam dragons
  A basilisk (D:11)
  5 acid dragons
  2 water moccasins
  An ice beast (D:5)
  9 orc warriors
  2 black bears
  A centaur (D:10)
  An ogre (D:4)
  3 wolves (D:10)
  3 kobold brigands
  3 bullfrogs
  A gnoll sergeant (D:4)
  2 scorpions
  6 wights
  5 killer bees
  8 howler monkeys
  4 electric eels (D:10)
  10 orc priests
  10 hounds
  A gnoll bouda (D:5)
  2 jellies
  An iguana (D:5)
  Natasha (thrice) (D:4)
  12 orc wizards
  A sleepcap (D:4)
  10 gnolls
  4 adders
  2 white imps
  An ufetubus (D:4)
  A worm (D:2)
  A dart slug (D:3)
  46 orcs
  2 ball pythons
  6 bats
  7 endoplasms
  4 giant cockroaches
  5 goblins
  9 hobgoblins
  10 jackals
  2 quokkas
  4 frilled lizards
  21 kobolds
  3 rats
319 creatures vanquished.

Vanquished Creatures (others)
  An orc (D:13)
1 creature vanquished.

Grand Total: 320 creatures vanquished

Notes
Turn   | Place    | Note
-------+----------+-------------------------------------------
     0 | D:1      | Cheops the Minotaur Fighter began the quest for the Orb.
     0 | D:1      | Reached XP level 1. HP: 19/19 MP: 0/0
   102 | D:1      | Reached skill level 3 in Maces & Flails
   157 | D:1      | Reached XP level 2. HP: 26/26 MP: 1/1
   418 | D:1      | Found a faded altar of an unknown god.
   426 | D:1      | Reached skill level 4 in Maces & Flails
   750 | D:1      | Reached XP level 3. HP: 31/31 MP: 2/2
  1210 | D:2      | Identified the +2 chain mail of Seonip {Fly Str+5 Dex+3
                  | Stlth-}
  1450 | D:2      | Reached skill level 5 in Maces & Flails
  1526 | D:2      | Found Vairhor's Jewellery Emporium.
  1862 | D:3      | Reached XP level 4. HP: 33/39 MP: 1/3
  1952 | D:3      | Reached skill level 6 in Maces & Flails
  2027 | D:3      | Reached XP level 5. HP: 45/45 MP: 4/4
  2185 | D:3      | Noticed Sigmund
  2189 | D:3      | Killed Sigmund
  2190 | D:3      | Reached skill level 8 in Maces & Flails
  2190 | D:3      | Reached XP level 6. HP: 51/51 MP: 5/5
  2196 | D:3      | Identified the amulet "Kubbuc" {RegenMP rElec}
  2713 | D:4      | Noticed Grinder
  2713 | D:4      | Found Iqasat's Armour Boutique.
  2716 | D:4      | Paralysed by Grinder for 2 turns
  2727 | D:4      | Noticed Natasha
  2729 | D:4      | Killed Grinder
  2730 | D:4      | Reached skill level 9 in Maces & Flails
  2730 | D:4      | Reached XP level 7. HP: 32/57 MP: 6/6
  2827 | D:4      | Killed Natasha
  2841 | D:4      | Reached skill level 10 in Maces & Flails
  2896 | D:4      | Noticed Natasha
  2905 | D:4      | Killed Natasha
  2961 | D:4      | Found Toneeh's Weapon Emporium.
  3000 | D:4      | Found Cueptut's Antique Weapon Emporium.
  3037 | D:4      | Noticed Natasha
  3057 | D:4      | Killed Natasha
  3074 | D:4      | Found Qaergh's Magic Scroll Shoppe.
  3082 | D:4      | Bought a scroll of identify for 20 gold pieces
  3082 | D:4      | Bought a scroll of identify for 20 gold pieces
  3082 | D:4      | Bought a scroll of teleportation for 30 gold pieces
  3107 | D:4      | Found an ornate altar of the Wu Jian Council.
  3264 | D:4      | Reached skill level 11 in Maces & Flails
  3398 | D:4      | Found Ygudua's Magic Scroll Boutique.
  3410 | D:4      | Reached XP level 8. HP: 60/64 MP: 7/7
  3414 | D:4      | Bought a scroll of enchant weapon for 105 gold pieces
  3574 | D:5      | Entered Level 5 of the Dungeon
  3655 | D:5      | Reached skill level 12 in Maces & Flails
  3714 | D:5      | Identified the +1 ring mail of the Moon {+Blink rN+}
  3777 | D:5      | Found a sacrificial altar of Ru.
  4143 | D:5      | Reached skill level 13 in Maces & Flails
  4310 | D:5      | Found a sparkling altar of Nemelex Xobeh.
  4373 | D:5      | Found an iron altar of Okawaru.
  5041 | D:6      | Found a staircase to the Ecumenical Temple.
  5137 | Temple   | Entered the Ecumenical Temple
  5556 | D:6      | Reached skill level 14 in Maces & Flails
  5556 | D:6      | Reached XP level 9. HP: 70/70 MP: 8/8
  6111 | D:7      | Reached skill level 15 in Maces & Flails
  6343 | D:7      | Found a glowing silver altar of Zin.
  7062 | D:8      | Noticed Erica
  7072 | D:8      | Killed Erica
  7073 | D:8      | Reached skill level 16 in Maces & Flails
  7191 | D:8      | Noticed Psyche
  7194 | D:8      | Reached XP level 10. HP: 77/83 MP: 9/9
  7657 | D:8      | Killed Psyche
  7733 | D:9      | Noticed a two-headed ogre
  7745 | D:9      | Noticed a two-headed ogre
  7766 | D:8      | Killed a two-headed ogre
  7818 | D:9      | Killed a two-headed ogre
  7819 | D:9      | Reached skill level 10 in Fighting
  7884 | D:9      | You are sucked into a shaft and drop 1 floor!
  7884 | D:10     | Entered Level 10 of the Dungeon
  7900 | D:10     | Found a staircase to the Lair.
  8094 | D:9      | Found a white marble altar of Elyvilon.
  8193 | D:9      | Found a glowing golden altar of the Shining One.
  8321 | D:9      | Found a stormy altar of Qazlal.
  8455 | D:9      | Became a worshipper of Qazlal Stormbringer
  8484 | D:10     | Reached skill level 1 in Invocations
  8604 | D:10     | Identified the +0 robe of Bomanase {rN++}
  8640 | D:10     | Noticed a two-headed ogre
  8652 | D:10     | Killed a two-headed ogre
  8653 | D:10     | Reached XP level 11. HP: 72/104 MP: 11/13
  8975 | D:10     | Reached skill level 5 in Invocations
  8982 | D:10     | Reached * piety under Qazlal
  9049 | D:10     | Found a staircase to the Orcish Mines.
  9707 | D:11     | Noticed Erolcha
  9716 | D:11     | Killed Erolcha
  9741 | D:11     | Reached ** piety under Qazlal
 10009 | D:11     | Noticed a two-headed ogre
 10012 | D:11     | Noticed Maurice
 10019 | D:11     | Killed a two-headed ogre
 10038 | D:11     | Killed Maurice
 10129 | D:11     | Noticed a boulder beetle
 10135 | D:11     | Killed a boulder beetle
 10136 | D:11     | Reached skill level 10 in Invocations
 10297 | D:11     | Noticed Josephine
 10318 | D:11     | Killed Josephine
 10325 | D:11     | Reached XP level 12. HP: 29/112 MP: 17/19
 11348 | D:12     | Noticed a centaur warrior
 11360 | D:12     | Killed a centaur warrior
 11930 | D:12     | Reached *** piety under Qazlal
 12259 | D:13     | Noticed a boulder beetle
 12272 | D:13     | Killed a boulder beetle
 12370 | D:13     | Noticed a boulder beetle
 12371 | D:13     | Noticed a two-headed ogre
 12382 | D:13     | Killed a boulder beetle
 12382 | D:13     | Killed a two-headed ogre
 12494 | D:13     | Noticed a six-headed hydra
 12501 | D:13     | Killed a six-headed hydra
 12953 | D:14     | Noticed a five-headed hydra
 12975 | D:14     | Killed a five-headed hydra
 13086 | D:14     | Reached XP level 13. HP: 87/118 MP: 23/23
 13095 | D:14     | Reached skill level 15 in Invocations
 13097 | D:14     | HP: 2/118 [cyan ugly thing (6)]
 13097 | D:14     | Demolished by a cyan ugly thing

Illustrated notes

Levels and vault maps discovered:
D:1:      noname_arrival_rooms_in_the_neighbourhood, layout_loops_ring,
          dreamdust_ecumenical_altar_grove
D:2:      layout_loops_ring, serial_shops, shop
D:3:      layout_loops_ring, serial_bayou_lagoon_a,
          nicolae_kite_square_tiling_tiny, uniq_sigmund
D:4:      layout_cave_pools, nicolae_wu_jian_wuxing_cycle, serial_shops,
          nicolae_shop_bloodbath_and_beyond, shop_fountains, nicolae_shop_stone,
          shop, shop, minmay_pentomino_pile, uniq_natasha, uniq_grinder
D:5:      layout_basic, lemuel_coloured_pillars_altar,
          nicolae_ru_the_path_less_chosen, lemuel_tele_altar,
          lemuel_flamethrower_2
D:6:      layout_loops_cross, temple_doors_e, minmay_statues_item,
          grunt_ministairs_10, chequers_serial_rivers_small_3
D:7:      layout_basic, zin_statuary
D:8:      layout_basic, uniq_erica, uniq_psyche
D:9:      layout_cave_pools, mainiacjoe_overflow_tiny_flanked, tso_metal_star,
          overflow_temple_1_default
D:10:     layout_rooms, erik_lair_island, david_orc_4
D:11:     layout_grid_maze, uniq_maurice, uniq_josephine, uniq_erolcha
D:12:     layout_layer_cave
D:13:     layout_basic
D:14:     layout_cave_pools, erik_vaults_2, minmay_misc_feat_columns,
          serial_shops, freezing_bzr
Temple:   eino_narrow_crystal_temple

Skill      XL: |  1  2  3  4  5  6  7  8  9 10 11 12 13 |
---------------+----------------------------------------+-----
Maces & Flails | 3 4 5 6 8 9 11 14 16 | 16.0
Fighting       | 6 12 | 12.0
Invocations    | 4 10 14 15 | 15.0
Armour         | |  3.6
Shields        | |  3.6

Action                     |  1- 3 |  4- 6 |  7- 9 | 10-12 | 13-15 || total
---------------------------+-------+-------+-------+-------+-------++-------
  Melee: Flail             |   109 |    63 |    86 |       |       ||   258
         Headbutt          |    12 |     9 |    40 |    86 |     3 ||   150
         Morningstar       |       |       |   173 |   449 |     8 ||   630
         Unarmed           |       |       |       |    11 |       ||    11
 Invoke: Upheaval          |       |       |       |     1 |     1 ||     2
    Use: Potion            |       |     2 |     3 |     1 |     1 ||     7
         Scroll            |       |       |    13 |    10 |       ||    23
 Armour: Scale mail        |    51 |       |       |       |       ||    51
         Chain mail        |     3 |    43 |   146 |   211 |     3 ||   406
         Skin              |       |       |       |     8 |       ||     8
  Dodge: Dodged            |    53 |    25 |    93 |   142 |     5 ||   318
  Block: Buckler           |    29 |    15 |    59 |   125 |     4 ||   232
